TOP OF THE 1ST |
Texas Rangers batting - Pitching for Seattle Mariners : RHP Yuri Bijleveld
|
Pitching: RHP Yuri Bijleveld
|
|
Batting: RHB Rich Stinson
|
0-0: Called Strike 0-1: Swinging Strike 0-2: Strikes out swinging
|
Batting: RHB David Casas
|
0-0: Foul Ball, location: 2F 0-1: Foul Ball, location: 2F 0-2: Strikes out swinging, 2-3 out at first.
|
Batting: SHB Jun Tsuda
|
0-0: Ground out U3 (Groundball, 34, EV 108.1 MPH)
|
Top of the 1st over - 0 runs, 0 hits, 0 errors, 0 left on base; Texas 0 - Seattle 0 |
BOTTOM OF THE 1ST |
Seattle Mariners batting - Pitching for Texas Rangers : RHP Hector Aguado
|
Pitching: RHP Hector Aguado
|
|
Batting: LHB Dae-ik Yoon
|
0-0: SINGLE (Line Drive, 8LM, EV 103.8 MPH)
|
Batting: SHB Floyd-William Goof
|
0-0: DOUBLE (Flyball, 78D, EV 95.0 MPH) Dae-ik Yoon to third Runner from 3rd tries for Home, SAFE, throw by LF to home
|
Batting: LHB John Zumbo
|
0-0: Ball 1-0: Fly out, F4 (Popup, 4, EV 60.6 MPH)
|
Batting: SHB Tze-meng Gan
|
0-0: Called Strike 0-1: Ball 1-1: Foul Ball, location: 2F 1-2: SINGLE (Groundball, 34, EV 94.4 MPH) Floyd-William Goof to third Runner from 3rd tries for Home, throw by RF and OUT! 9-2 Tze-meng Gan to second
|
Batting: LHB Bi-jun Chien
|
0-0: Ball 1-0: Called Strike 1-1: Foul Ball, location: 2F 1-2: Hit by Pitch
|
Batting: RHB Jose Vasquez
|
0-0: Called Strike 0-1: Swinging Strike 0-2: Ball 1-2: Ground out 4-3 (Groundball, 4, EV 91.3 MPH)
|
Bottom of the 1st over - 1 run, 3 hits, 0 errors, 2 left on base; Texas 0 - Seattle 1 |
TOP OF THE 2ND |
Texas Rangers batting - Pitching for Seattle Mariners : RHP Yuri Bijleveld
|
Batting: SHB John Giesbrecht
|
0-0: Ball 1-0: Foul Ball, location: 2F 1-1: Ball 2-1: Ball 3-1: Base on Balls
|
Batting: LHB Da Vo
|
0-0: Called Strike 0-1: Foul Ball, location: 2F 0-2: Ball 1-2: Foul Ball, location: 2F 1-2: Ball 2-2: Ball 3-2: Foul Ball, location: 2F 3-2: Fly out, F7 (Flyball, 7LD, EV 90.6 MPH)
|
Batting: SHB Vince Ealy
|
0-0: Called Strike 0-1: Swinging Strike 0-2: Foul Ball, location: 2F 0-2: Ball 1-2: Fielders Choice at 2nd, 6-4 (Groundball, 6, EV 88.1 MPH)
|
Batting: LHB Cody Schumacher
|
0-0: Ball 1-0: Ball 2-0: Ball 3-0: Fly out, F8 (Flyball, 78D, EV 100.6 MPH)
|
Top of the 2nd over - 0 runs, 0 hits, 0 errors, 1 left on base; Texas 0 - Seattle 1 |
BOTTOM OF THE 2ND |
Seattle Mariners batting - Pitching for Texas Rangers : RHP Hector Aguado
|
Batting: RHB Steve Bartman Jr.
|
0-0: Called Strike 0-1: Ball 1-1: Foul Ball, location: 2F 1-2: Fly out, F7 (Line Drive, 78M, EV 110.6 MPH)
|
Batting: RHB Young-kwang Ohnn
|
0-0: Called Strike 0-1: Ball 1-1: Swinging Strike 1-2: SINGLE (Line Drive, 78S, EV 86.9 MPH)
|
Batting: RHB Corey Ottinger
|
0-0: Ball 1-0: Called Strike 1-1: Ball 2-1: Ball 3-1: DOUBLE (Line Drive, 5D, EV 100.0 MPH) Young-kwang Ohnn to third
|
Batting: LHB Dae-ik Yoon
|
0-0: Ball 1-0: Foul Ball, location: 2F 1-1: Foul Ball, location: 2F 1-2: Ball 2-2: Ball 3-2: SINGLE (Groundball, 6MD, EV 95.0 MPH) Young-kwang Ohnn scores Corey Ottinger to third
|
Batting: SHB Floyd-William Goof
|
0-0: Ball 1-0: SINGLE (Line Drive, 7S, EV 89.4 MPH) Corey Ottinger scores Dae-ik Yoon to second
|
Batting: LHB John Zumbo
|
0-0: Ball 1-0: Foul Ball, location: 2F 1-1: Ball 2-1: Ball 3-1: Fly out, F6 (Popup, 6D, EV 75.6 MPH)
|
Batting: SHB Tze-meng Gan
|
0-0: Called Strike 0-1: Ball 1-1: Called Strike 1-2: Foul Ball, location: 2F 1-2: Strikes out swinging
|
Bottom of the 2nd over - 2 runs, 4 hits, 0 errors, 2 left on base; Texas 0 - Seattle 3 |
TOP OF THE 3RD |
Texas Rangers batting - Pitching for Seattle Mariners : RHP Yuri Bijleveld
|
Batting: RHB Edwin Madrid
|
0-0: Ground out 6-3 (Groundball, 6, EV 99.4 MPH)
|
Batting: RHB Casey Semenza
|
0-0: Ball 1-0: Ball 2-0: Swinging Strike 2-1: Swinging Strike 2-2: Ball 3-2: Base on Balls
|
Batting: RHB Rich Stinson
|
0-0: Ball 1-0: Ball 2-0: Ball 3-0: Base on Balls Casey Semenza to second
|
Batting: RHB David Casas
|
0-0: Foul Ball, location: 2F 0-1: SINGLE (Groundball, 23, EV 68.1 MPH) (infield hit) Casey Semenza to third Rich Stinson to second
|
Batting: SHB Jun Tsuda
|
0-0: Called Strike 0-1: Ball 1-1: Ball 2-1: Foul Ball, location: 2F 2-2: Ball 3-2: Foul Ball, location: 2F 3-2: Fielders Choice at 2nd, 6-4 (Groundball, 6M, EV 88.8 MPH) Casey Semenza scores Rich Stinson to third
|
Batting: SHB John Giesbrecht
|
0-0: SINGLE (Groundball, 34D, EV 107.5 MPH) Rich Stinson scores Jun Tsuda to second Runner from 2nd tries for 3rd, SAFE, no throw by RF
|
Batting: LHB Da Vo
|
0-0: Ball 1-0: Foul Ball, location: 2F 1-1: Ball 2-1: Fielders Choice at 2nd, 6-4 (Groundball, 6, EV 81.9 MPH)
|
Top of the 3rd over - 2 runs, 2 hits, 0 errors, 2 left on base; Texas 2 - Seattle 3 |
BOTTOM OF THE 3RD |
Seattle Mariners batting - Pitching for Texas Rangers : RHP Hector Aguado
|
Batting: LHB Bi-jun Chien
|
0-0: Ground out U3 (Groundball, 3, EV 84.4 MPH)
|
Batting: RHB Jose Vasquez
|
0-0: Called Strike 0-1: Foul Ball, location: 2F 0-2: Ball 1-2: Fly out, F7 (Flyball, 7LD, EV 96.9 MPH)
|
Batting: RHB Steve Bartman Jr.
|
0-0: Ball 1-0: Ball 2-0: Foul Ball, location: 2F 2-1: Foul Ball, location: 2F 2-2: Strikes out looking
|
Bottom of the 3rd over - 0 runs, 0 hits, 0 errors, 0 left on base; Texas 2 - Seattle 3 |
TOP OF THE 4TH |
Texas Rangers batting - Pitching for Seattle Mariners : RHP Yuri Bijleveld
|
Batting: SHB Vince Ealy
|
0-0: Ball 1-0: Fly out, F7 (Flyball, 7, EV 86.9 MPH)
|
Batting: LHB Cody Schumacher
|
0-0: Called Strike 0-1: Ball 1-1: Ball 2-1: Foul Ball, location: 2F 2-2: Ball 3-2: Strikes out swinging
|
Batting: RHB Edwin Madrid
|
0-0: Swinging Strike 0-1: TRIPLE (Flyball, 9D, EV 86.3 MPH)
|
Batting: RHB Casey Semenza
|
0-0: Ball 1-0: Foul Ball, location: 2F 1-1: Foul Ball, location: 2F 1-2: Ball 2-2: Ball 3-2: Ground out 4-3 (Groundball, 4, EV 100.6 MPH)
|
Top of the 4th over - 0 runs, 1 hit, 0 errors, 1 left on base; Texas 2 - Seattle 3 |
BOTTOM OF THE 4TH |
Seattle Mariners batting - Pitching for Texas Rangers : RHP Hector Aguado
|
Batting: RHB Young-kwang Ohnn
|
0-0: Ball 1-0: Foul Ball, location: 2F 1-1: Fly out, F9 (Flyball, 9LD, EV 86.9 MPH)
|
Batting: RHB Corey Ottinger
|
0-0: Ball 1-0: Ground out 4-3 (Groundball, 4M, EV 86.3 MPH)
|
Batting: LHB Dae-ik Yoon
|
0-0: Called Strike 0-1: Foul Ball, location: 2F 0-2: Ball 1-2: Foul Ball, location: 2F 1-2: DOUBLE (Line Drive, 89D, EV 111.3 MPH)
|
Batting: SHB Floyd-William Goof
|
0-0: Ball 1-0: Called Strike 1-1: SINGLE (Groundball, 4D, EV 98.1 MPH) Dae-ik Yoon to third Runner from 3rd tries for Home, SAFE, throw by CF to home
|
Batting: LHB John Zumbo
|
0-0: Ball 1-0: Called Strike 1-1: Ball Wild Pitch! Floyd-William Goof to second 2-1: Called Strike 2-2: Foul Ball, location: 2F 2-2: Strikes out looking
|
Bottom of the 4th over - 1 run, 2 hits, 0 errors, 1 left on base; Texas 2 - Seattle 4 |
TOP OF THE 5TH |
Texas Rangers batting - Pitching for Seattle Mariners : RHP Yuri Bijleveld
|
Batting: RHB Rich Stinson
|
0-0: Called Strike 0-1: Foul Ball, location: 2F 0-2: SINGLE (Line Drive, 9S, EV 110.0 MPH)
|
Batting: RHB David Casas
|
0-0: Ball 1-0: Ball 2-0: Called Strike 2-1: Foul Ball, location: 2F 2-2: Fly out, F9 (Flyball, 89D, EV 101.9 MPH)
|
Batting: SHB Jun Tsuda
|
0-0: Fly out, F6 (Popup, 6MD, EV 49.4 MPH)
|
Batting: SHB John Giesbrecht
|
0-0: Ball 1-0: Foul Ball, location: 2F 1-1: Ball Rich Stinson steals 2nd base (no throw) 2-1: Called Strike 2-2: Fly out, F8 (Flyball, 8LXD, EV 91.9 MPH)
|
Top of the 5th over - 0 runs, 1 hit, 0 errors, 1 left on base; Texas 2 - Seattle 4 |
BOTTOM OF THE 5TH |
Seattle Mariners batting - Pitching for Texas Rangers : RHP Hector Aguado
|
Batting: SHB Tze-meng Gan
|
0-0: Foul Ball, location: 2F 0-1: Swinging Strike 0-2: Strikes out swinging
|
Batting: LHB Bi-jun Chien
|
0-0: Foul Ball, location: 2F 0-1: Ball 1-1: Ball 2-1: Ball 3-1: Ground out 4-3 (Groundball, 4, EV 89.4 MPH)
|
Batting: RHB Jose Vasquez
|
0-0: Swinging Strike 0-1: Ground out 6-3 (Groundball, 6, EV 88.1 MPH)
|
Bottom of the 5th over - 0 runs, 0 hits, 0 errors, 0 left on base; Texas 2 - Seattle 4 |
TOP OF THE 6TH |
Texas Rangers batting - Pitching for Seattle Mariners : RHP Yuri Bijleveld
|
Batting: LHB Da Vo
|
0-0: Foul Ball, location: 2F 0-1: SINGLE (Line Drive, 4D, EV 100.0 MPH)
|
Pitching: RHP Bo Chia
|
|
Batting: SHB Vince Ealy
|
0-0: Ball 1-0: Ball 2-0: Fielders Choice at 2nd, 1-6 (Groundball, 13S, EV 66.9 MPH)
|
Batting: LHB Cody Schumacher
|
0-0: Ball 1-0: Ball Vince Ealy steals 2nd base 2-0: Ball 3-0: Base on Balls
|
Batting: RHB Edwin Madrid
|
0-0: Ball Vince Ealy steals 3rd base 1-0: Foul Ball, location: 2F 1-1: SINGLE (Flyball, 89S, EV 91.9 MPH) Vince Ealy scores Cody Schumacher to second
|
Batting: RHB Casey Semenza
|
0-0: Ball 1-0: Foul Ball, location: 2F 1-1: Grounds into double play, 6-4-3 (Groundball, 6, EV 105.0 MPH)
|
Top of the 6th over - 1 run, 2 hits, 0 errors, 1 left on base; Texas 3 - Seattle 4 |
BOTTOM OF THE 6TH |
Seattle Mariners batting - Pitching for Texas Rangers : RHP Hector Aguado
|
Batting: RHB Steve Bartman Jr.
|
0-0: Called Strike 0-1: Called Strike 0-2: Foul Ball, location: 2F 0-2: Strikes out swinging
|
Batting: RHB Young-kwang Ohnn
|
0-0: Ball 1-0: Ball 2-0: Ball 3-0: Base on Balls
|
Batting: RHB Corey Ottinger
|
0-0: Called Strike Young-kwang Ohnn steals 2nd base (no throw) 0-1: Ground out 4-3 (Groundball, 4, EV 108.1 MPH) Young-kwang Ohnn to third
|
Batting: LHB Dae-ik Yoon
|
0-0: Ball 1-0: Ball 2-0: Ball 3-0: Called Strike 3-1: Base on Balls
|
Batting: SHB Floyd-William Goof
|
0-0: Called Strike 0-1: Fly out, F7 (Flyball, 7D, EV 90.0 MPH)
|
Bottom of the 6th over - 0 runs, 0 hits, 0 errors, 2 left on base; Texas 3 - Seattle 4 |
TOP OF THE 7TH |
Texas Rangers batting - Pitching for Seattle Mariners : RHP Bo Chia
|
Pitching: RHP William de Jesus
|
|
Batting: RHB Rich Stinson
|
0-0: Ball 1-0: Swinging Strike 1-1: Ball 2-1: Swinging Strike 2-2: Strikes out swinging
|
Batting: RHB David Casas
|
0-0: Called Strike 0-1: Foul Ball, location: 2F 0-2: Strikes out swinging
|
Batting: SHB Jun Tsuda
|
0-0: Ground out 6-3 (Groundball, P, EV 88.1 MPH)
|
Top of the 7th over - 0 runs, 0 hits, 0 errors, 0 left on base; Texas 3 - Seattle 4 |
BOTTOM OF THE 7TH |
Seattle Mariners batting - Pitching for Texas Rangers : RHP Hector Aguado
|
Pitching: RHP Kyle Curve
|
|
Batting: LHB John Zumbo
|
0-0: Called Strike 0-1: Foul Ball, location: 2F 0-2: Foul Ball, location: 2F 0-2: Fly out, F5 (Flyball, 56D, EV 88.1 MPH)
|
Batting: SHB Tze-meng Gan
|
0-0: Ball 1-0: Called Strike 1-1: Swinging Strike 1-2: Strikes out looking
|
Batting: LHB Bi-jun Chien
|
0-0: Ball 1-0: Ball 2-0: Ball 3-0: Called Strike 3-1: Called Strike 3-2: Strikes out looking
|
Bottom of the 7th over - 0 runs, 0 hits, 0 errors, 0 left on base; Texas 3 - Seattle 4 |
TOP OF THE 8TH |
Texas Rangers batting - Pitching for Seattle Mariners : RHP William de Jesus
|
Batting: SHB John Giesbrecht
|
0-0: Ground out 5-3 (Groundball, 6, EV 101.3 MPH)
|
Batting: LHB Da Vo
|
0-0: Foul Ball, location: 2F 0-1: Ball 1-1: Ball 2-1: Called Strike 2-2: Ground out 4-3 (Groundball, 4, EV 104.4 MPH)
|
Batting: SHB Vince Ealy
|
0-0: Foul Ball, location: 2F 0-1: Ball 1-1: Swinging Strike 1-2: Ball 2-2: Ball 3-2: Base on Balls
|
Batting: LHB Cody Schumacher
|
0-0: Ball 1-0: Foul Ball, location: 2F 1-1: Ball 2-1: Ball 3-1: Base on Balls Vince Ealy to second
|
Batting: RHB Edwin Madrid
|
0-0: Called Strike 0-1: Fielders Choice at 2nd, 6-4 (Groundball, 6, EV 84.4 MPH)
|
Top of the 8th over - 0 runs, 0 hits, 0 errors, 2 left on base; Texas 3 - Seattle 4 |
BOTTOM OF THE 8TH |
Seattle Mariners batting - Pitching for Texas Rangers : RHP Kyle Curve
|
Batting: RHB Jose Vasquez
|
0-0: Fly out, F5 (Popup, 25F, EV 88.1 MPH)
|
Batting: RHB Steve Bartman Jr.
|
0-0: Ball 1-0: SINGLE (Groundball, 56D, EV 96.3 MPH)
|
Batting: RHB Young-kwang Ohnn
|
0-0: Ball 1-0: Foul Ball, location: 2F 1-1: Ball 2-1: Foul Ball, location: 2F 2-2: Grounds into double play, 5-4-3 (Groundball, 56S, EV 85.0 MPH)
|
Bottom of the 8th over - 0 runs, 1 hit, 0 errors, 0 left on base; Texas 3 - Seattle 4 |
TOP OF THE 9TH |
Texas Rangers batting - Pitching for Seattle Mariners : RHP William de Jesus
|
Pitching: RHP David Sly
|
|
Pinch Hitting: LHB Johan de Vries
|
0-0: Ball 1-0: Foul Ball, location: 2F 1-1: Called Strike 1-2: Foul Ball, location: 2F 1-2: Strikes out swinging
|
Batting: RHB Rich Stinson
|
0-0: Called Strike 0-1: Foul Ball, location: 2F 0-2: Ball 1-2: Ball 2-2: Strikes out swinging
|
Batting: RHB David Casas
|
0-0: Ball 1-0: Swinging Strike 1-1: Called Strike 1-2: Foul Ball, location: 2F 1-2: Ball 2-2: Strikes out swinging
|
Top of the 9th over - 0 runs, 0 hits, 0 errors, 0 left on base; Texas 3 - Seattle 4 |
|